 Dungeon Crawl Stone Soup version 0.31-a0-154-g56bf346678 (webtiles) character file.

Game seed: 15732220355086641315

14046 rabbitsville the Geomancer (level 12, -1/68 HPs)
             Began as a Gargoyle Earth Elementalist on June 12, 2023.
             Was an Elder of Sif Muna.
             Slain by a blink frog (13 damage)
             ... on level 3 of the Lair of Beasts.
             The game lasted 01:08:09 (9859 turns).

rabbitsville the Geomancer (GrEE)                   Turns: 9859, Time: 01:08:10

Health: -1/68      AC: 18    Str: 16    XL:     12   Next: 12%
Magic:  20/27      EV: 11    Int: 20    God:    Sif Muna [****..]
Gold:   560        SH:  5    Dex: 10    Spells: 29/33 levels left

rFire   + . .        e - staff of earth
rCold   . . .        (no shield)
rNeg    + . .        a - +0 robe
rPois   ∞            K - +2 hat
rElec   +            (no cloak)
rCorr   .            k - +0 pair of gloves
SInv    .            E - +0 pair of boots
Will    .....        C - amulet "Zipaetin" {Reflect rF+ Will- Str+3 SH+5}
Stlth   ++           A - +4 ring of protection
HPRegen 0.31/turn    (no ring)
MPRegen 0.20/turn

%: reflection
@: no status effects
A: sickness immunity, AC +8, negative energy resistance 1, electricity
resistance, torment resistance 1, petrification resistance
a: Renounce Religion, Channel Magic, Forget Spell, Divine Exegesis


You were on level 3 of the Lair of Beasts.
You worshipped Sif Muna.
Sif Muna was greatly pleased with you.
You visited 3 branches of the dungeon, and saw 14 of its levels.

You collected 560 gold pieces.

Inventory:

Hand Weapons
 d - a +0 dagger
Armour
 a - a +0 robe (worn)
 k - a +0 pair of gloves (worn)
 E - a +0 pair of boots (worn)
 K - a +2 hat (worn)
Magical Staves
 e - a staff of earth (weapon)
Jewellery
 A - a +4 ring of protection (left hand)
 C - the amulet "Zipaetin" (around neck) {Reflect rF+ Will- Str+3 SH+5}
   (You found it on level 7 of the Dungeon)

   [amulet of reflection]

   It reflects blocked missile attacks.
   Str:       It affects your strength (+3).
   rF:        It protects you from fire.
   SH:        It affects your SH (+5).
   Will:      It decreases your willpower.
Wands
 D - a wand of polymorph (9)
 F - a wand of iceblast (2)
 I - a wand of mindburst (7) (quivered)
 L - a wand of digging (8)
Scrolls
 c - 2 scrolls of amnesia
 f - a scroll of enchant weapon {unknown}
 g - 2 scrolls of identify
 i - 4 scrolls of teleportation
 l - 2 scrolls of immolation
 m - a scroll of acquirement {unknown}
 o - a scroll of blinking {unknown}
 q - a scroll of vulnerability {unknown}
 s - a scroll of fear {unknown}
 t - a scroll of butterflies {unknown}
 v - a scroll of magic mapping {unknown}
 w - a scroll of brand weapon {unknown}
 y - a scroll of torment {unknown}
 B - a scroll of fog {unknown}
 J - a scroll of enchant armour {unknown}
Potions
 b - 2 potions of magic
 h - 4 potions of curing
 j - 4 potions of mutation
 n - a potion of cancellation {unknown}
 p - 2 potions of attraction
 r - a potion of might {unknown}
 u - a potion of enlightenment {unknown}
 x - 2 potions of degeneration
 z - 2 potions of brilliance
 H - a potion of resistance {unknown}
Miscellaneous
 G - a phantom mirror


   Skills:
 - Level 5.2 Fighting
 - Level 1.5 Dodging
 - Level 2.1 Stealth
 * Level 11.2 Spellcasting
 - Level 6.2 Conjurations
 - Level 0.7 Transmutations
 + Level 13.0 Earth Magic
 * Level 7.1 Evocations


You had 29 spell levels left.
You knew the following spells:

 Your Spells              Type           Power      Damage    Failure   Level
a - Sandblast             Erth           100%       2d20      1%          1
b - Stone Arrow           Conj/Erth      100%       3d13      1%          3

Your spell library contained the following spells:

 Spells                   Type           Power      Damage    Failure   Level
 Kiss of Death            Conj/Necr      92%        2d12      1%          1
 Passwall                 Tmut/Erth      45%        N/A       1%          2
 Petrify                  Tmut/Erth      55%        N/A       3%          4
 Slow                     Hex            44%        N/A       6%          1
 Summon Small Mammal      Summ           44%        N/A       6%          1
 Lesser Beckoning         Tloc           22%        N/A       10%         2
 Call Canine Familiar     Summ           11%        N/A       19%         3
 Confusing Touch          Hex            11%        N/A       19%         3
 Gell's Gravitas          Tloc           11%        N/A       19%         3
 Summon Guardian Golem    Hex/Summ       11%        N/A       19%         3
 Teleport Other           Tloc           11%        N/A       19%         3
 Vampiric Draining        Necr           11%        2d6       19%         3
 Anguish                  Hex/Necr       5%         N/A       52%         4
 Cause Fear               Hex            5%         N/A       52%         4
 Dispel Undead            Necr           11%        3d9       52%         4
 Enfeeble                 Hex            5%         N/A       100%        7


Dungeon Overview and Level Annotations

Branches:
Dungeon (9/15)             Temple (1/1) D:4            Lair (4/5) D:8
 Spider (0/4) Lair:3        Slime (0/5) Lair:4
  Swamp: Lair:2-3    Shoals: Lair:2-3       Orc: D:9-12

Altars:
Ashenzari
Dithmenos
Elyvilon
Fedhas
Gozag
Hepliaklqana
Kikubaaqudgha
Qazlal
Ru
Sif Muna
Trog
Uskayaw
Vehumet
Wu Jian
Xom
Yredelemnul
Zin
The Shining One
Jiyva

Annotations:
Lair:1 exclusions: boulder beetle and 1 more exclusion
Lair:4 3 runed translucent doors, Kirke; Udghoil's ghost, journeyman SpHu


Innate Abilities, Weirdness & Mutations

You are immune to sickness and miasma.
Your stone body is resilient. (AC +8)
You are immune to poison.
You resist negative energy. (rN+)
You are resistant to electric shocks. (rElec)
You are resistant to unholy torment.
You are immune to petrification.


Message History

The blink frog is heavily wounded.
The blink frog hits you!
* * * LOW HITPOINT WARNING * * *
The blink frog barely misses you.
You feel better.
Aiming: Sandblast (safe; 1% risk of failure)
Press: ? - help, Q - select action, (/) - cycle Shift-Dir - straight line, f/p - blink frog
Aim: a blink frog (lightly wounded, 74% to hit)
You feel a surge of power!
The blast of sand hits the blink frog!
The blink frog is severely wounded.
The blink frog blinks!
The blink frog hits you!
* * * LOW HITPOINT WARNING * * *
The blink frog barely misses you.
The blink frog blinks!
Aiming: Sandblast (safe; 1% risk of failure)
Press: ? - help, Q - select action, (/) - cycle Shift-Dir - straight line, f/p - blink frog
Aim: a blink frog (severely wounded, 74% to hit)
You feel a surge of power!
The blast of sand hits the blink frog!!
You kill the blink frog!
Sif Muna accepts your kill.
The blink frog blinks! x2
Aiming: Sandblast (safe; 1% risk of failure)
Press: ? - help, Q - select action, (/) - cycle Shift-Dir - straight line, f - blink frog
Aim: a blink frog (moderately wounded, 74% to hit)
You feel a surge of power!
The blast of sand misses the blink frog.
The blast of sand hits the blink frog!!
The blink frog is severely wounded.
The blink frog blinks! x2; The blink frog hits you!
* * * LOW HITPOINT WARNING * * *
You feel better. The blink frog hits you!
* * * LOW HITPOINT WARNING * * *
The blink frog hits you but does no damage.
You feel better. The blink frog hits you.
* * * LOW HITPOINT WARNING * * *
Aiming: Mindburst
Press: ? - help, Q - select action, (/) - cycle Shift-Dir - straight line, f/p - blink frog
Aim: a blink frog (moderately wounded, chance to affect: 73%)
The blink frog struggles to resist.
The blink frog hits you!
You die...

### #@+ #F# #.# #
#.# #.### #F#
#....####†######+
.........F.......
#..P#...........
#...........##.


You could see 3 blink frogs.

Vanquished Creatures
  Joseph (D:9)
  2 black mambas
  7 cane toads
  A rime drake (Lair:4)
  2 komodo dragons
  A polar bear (Lair:1)
  A hornet (Lair:1)
  17 blink frogs
  Sigmund (D:2)
  A shadow (D:9)
  2 wyverns (Lair:1)
  3 yaks (Lair:1)
  A basilisk (Lair:1)
  4 hogs (Lair:4)
  A steam dragon (Lair:1)
  6 humans
  6 water moccasins
  A sky beast (D:6)
  Duvessa (D:7)
  2 orc warriors
  2 ice beasts
  2 black bears
  3 centaurs
  An ogre (D:6)
  A phantom (D:6)
  8 bullfrogs
  A kobold brigand (D:8)
  A scorpion (D:5)
  Dowan (D:7)
  8 howler monkeys
  13 jellies
  6 hounds
  9 orc priests
  A gnoll bouda (D:8)
  4 sleepcaps
  Terence (D:2)
  8 orc wizards
  Natasha (D:3)
  6 adders
  4 gnolls
  4 white imps (D:6)
  2 worms
  A dart slug (D:2)
  32 orcs
  9 ball pythons
  2 bats
  6 endoplasms
  A giant cockroach (D:3)
  7 goblins
  7 hobgoblins
  4 jackals (D:5)
  7 quokkas
  4 frilled lizards
  8 kobolds
  5 rats
241 creatures vanquished.

Vanquished Creatures (others)
  A kobold (D:8)
1 creature vanquished.

Grand Total: 242 creatures vanquished

Notes
Turn   | Place    | Note
-------+----------+-------------------------------------------
     0 | D:1      | rabbitsville the Gargoyle Earth Elementalist began the
                  | quest for the Orb.
     0 | D:1      | Reached XP level 1. HP: 10/10 MP: 3/3
   307 | D:1      | Reached XP level 2. HP: 16/16 MP: 1/5
   377 | D:1      | Reached skill level 4 in Earth Magic
   700 | D:2      | Noticed Sigmund
   849 | D:2      | Reached skill level 1 in Fighting
   868 | D:2      | Reached XP level 3. HP: 20/20 MP: 0/6
  1053 | D:2      | Noticed Terence
  1465 | D:3      | Reached skill level 1 in Conjurations
  1465 | D:3      | Reached XP level 4. HP: 22/25 MP: 3/8
  1469 | D:3      | Learned a level 3 spell: Stone Arrow
  1542 | D:3      | Found a radiant altar of Vehumet.
  1739 | D:3      | Found a shimmering blue altar of Sif Muna.
  1749 | D:3      | Became a worshipper of Sif Muna the Loreminder
  2104 | D:3      | Noticed Natasha
  2107 | D:3      | Killed Natasha
  2224 | D:3      | Found a faded altar of an unknown god.
  2399 | D:4      | Reached XP level 5. HP: 29/29 MP: 6/9
  2539 | D:4      | Reached skill level 5 in Earth Magic
  2676 | D:4      | Found a staircase to the Ecumenical Temple.
  2687 | Temple   | Entered the Ecumenical Temple
  3181 | D:5      | Entered Level 5 of the Dungeon
  3399 | D:4      | Reached XP level 6. HP: 34/34 MP: 7/11
  3586 | D:5      | Reached skill level 6 in Earth Magic
  3670 | D:5      | Reached * piety under Sif Muna
  3905 | D:6      | Noticed a black bear
  3932 | D:6      | Reached XP level 7. HP: 34/38 MP: 10/13
  4064 | D:6      | Found a hide-covered altar of Uskayaw.
  4082 | D:6      | Found a shadowy altar of Dithmenos.
  4082 | D:6      | Found a hazy altar of Hepliaklqana.
  4085 | D:6      | Noticed a shadow
  4283 | D:6      | Reached skill level 5 in Spellcasting
  4283 | D:6      | Reached skill level 7 in Earth Magic
  4317 | D:6      | Reached skill level 5 in Conjurations
  4317 | D:6      | Reached XP level 8. HP: 43/43 MP: 2/15
  4499 | D:2      | Killed Sigmund
  4687 | D:2      | Killed Terence
  4922 | D:6      | Reached ** piety under Sif Muna
  4982 | D:6      | Reached skill level 8 in Earth Magic
  5059 | D:6      | Found a bloodstained altar of Trog.
  5305 | D:6      | Found an ancient bone altar of Kikubaaqudgha.
  5345 | D:6      | Reached XP level 9. HP: 48/48 MP: 12/18
  5563 | D:7      | Noticed Duvessa
  5571 | D:7      | Reached skill level 9 in Earth Magic
  5573 | D:7      | Killed Duvessa
  5633 | D:7      | Noticed Dowan
  5638 | D:7      | Killed Dowan
  6237 | D:7      | Identified the amulet "Zipaetin" {Reflect rF+ Will- Str+3
                  | SH+5}
  6330 | D:8      | Found a basalt altar of Yredelemnul.
  6880 | D:8      | Found a staircase to the Lair.
  7029 | D:8      | Reached *** piety under Sif Muna
  7108 | D:9      | Noticed a skeletal warrior
  7124 | D:9      | Noticed a skeletal warrior
  7124 | D:9      | Noticed a skeletal warrior
  7124 | D:9      | Noticed a skeletal warrior
  7448 | D:9      | Reached skill level 10 in Earth Magic
  7466 | D:9      | Reached XP level 10. HP: 42/58 MP: 7/22
  7470 | D:9      | Noticed Joseph
  7593 | D:9      | Killed Joseph
  7594 | D:9      | Reached skill level 11 in Earth Magic
  7599 | D:9      | Reached skill level 5 in Fighting
  7881 | Lair:1   | Entered Level 1 of the Lair of Beasts
  7915 | Lair:1   | Noticed a cane toad
  7920 | Lair:1   | Killed a cane toad
  8083 | Lair:1   | Noticed a cane toad
  8088 | Lair:1   | Killed a cane toad
  8089 | Lair:1   | Reached skill level 1 in Evocations
  8124 | Lair:1   | Noticed a cane toad
  8481 | Lair:1   | Noticed a cane toad
  8486 | Lair:1   | Reached XP level 11. HP: 64/64 MP: 17/24
  8490 | Lair:1   | Reached **** piety under Sif Muna
  8491 | Lair:1   | Reached skill level 12 in Earth Magic
  8649 | Lair:1   | Noticed a boulder beetle
  9149 | Lair:2   | You fall into a shaft and drop 2 floors!
  9153 | Lair:4   | Reached skill level 10 in Spellcasting
  9210 | Lair:4   | Reached skill level 5 in Evocations
  9383 | Lair:4   | Found a viscous altar of Jiyva.
  9384 | Lair:4   | Found a staircase to the Slime Pits.
  9418 | Lair:4   | Found a runed translucent gate.
  9418 | Lair:4   | Found a runed translucent gate.
  9419 | Lair:4   | Found a runed translucent gate.
  9421 | Lair:4   | Noticed Udghoil's ghost (journeyman SpHu)
  9472 | Lair:4   | Noticed Kirke
  9682 | Lair:3   | Found a hole to the Spider Nest.
  9687 | Lair:3   | Reached XP level 12. HP: 56/68 MP: 24/27
  9806 | Lair:3   | Reached skill level 13 in Earth Magic
  9859 | Lair:3   | Slain by a blink frog

Illustrated notes

Levels and vault maps discovered:
D:1:      wander_arrival_abandoned_jail, layout_rooms, interstate_on_off,
          nicolae_figureground_sparkle
D:2:      layout_basic, minmay_fractal_squares_gapless_5, uniq_sigmund,
          uniq_terence
D:3:      layout_basic, mainiacjoe_overflow_tiny_flanked, fiery_altar_vehumet,
          hellmonk_ecumenical_altar_leap_of_faith, grunt_decor_one_mirror,
          minivault_4, uniq_natasha
D:4:      layout_gridville, minmay_temple_entry_hall, kennysheep_generic_room_2
D:5:      layout_rooms
D:6:      layout_rooms, kennysheep_little_box,
          riverfiend_overflow_shadow_ancestor, nicolae_overflow_crystal_walls,
          marbit_many_paths, minmay_quadrilaterals
D:7:      layout_basic, uniq_duvessa
D:8:      layout_loops_cross, mainiacjoe_overflow_alcove_4
D:9:      layout_rooms, minmay_ruffians, uniq_joseph
Temple:   eino_wide_crystal_templ
Lair:1:   layout_cave_pods, grunt_megastairs_5, serial_bayou_shore_a
Lair:2:   layout_cave_pods, minmay_shoals_entry_beasts, st_stairs_5
Lair:3:   layout_misc_corridors, spider_nest_entry_web_field,
          chequers_serial_rivers_micro_e, cheibrodos_lair_caveside_slide,
          chequers_serial_rivers_room_a, nicolae_quartered_pool_super,
          minivault_11, infiniplex_staircase_pool_2
Lair:4:   wander_river, layout_small_grid, minmay_slime_entry_jelly_boxes,
          gauntlet_entry_generic, ebering_ghost_rock_garden, uniq_kirke

Skill      XL: |  1  2  3  4  5  6  7  8  9 10 11 12 |
---------------+-------------------------------------+-----
Earth Magic    | 4 5 6 7 8 10 11 12 13 | 13.0
Fighting       | 1 2 4 5 |  5.2
Conjurations   | 1 2 3 5 6 |  6.2
Spellcasting   | 3 4 5 6 8 9 11 | 11.2
Evocations     | 3 6 7 |  7.1
Dodging        | |  1.5
Stealth        | |  2.1
Transmutations | |  0.7

Action                     |  1- 3 |  4- 6 |  7- 9 | 10-12 || total
---------------------------+-------+-------+-------+-------++-------
  Melee: Staff             |     2 |     2 |    10 |     2 ||    16
   Cast: Sandblast         |    35 |    71 |   106 |   171 ||   383
         Stone Arrow       |       |     2 |    51 |    27 ||    80
  Evoke: Wand              |       |       |       |     1 ||     1
    Use: Potion            |       |       |     1 |     6 ||     7
         Scroll            |       |       |     1 |     9 ||    10
 Armour: Robe              |     3 |    11 |    27 |    56 ||    97
  Dodge: Dodged            |     1 |    12 |    17 |    48 ||    78
  Block: Other             |       |       |     6 |    34 ||    40
         Reflection        |       |       |     2 |     2 ||     4

Table legend: (Time is in decaauts)
 A = Elapsed time spent in this place.
 B = Non-inter-level travel time spent in this place.
 C = Inter-level travel time spent in this place.
 D = Time resting spent in this place.
 E = Time spent auto-exploring this place.
 F = Levels seen in this place.
 G = Mean time per level.
                   A        B        C        D        E       F      G
               +--------+--------+--------+--------+--------+-----+--------+
         Total |  10074 |   9023 |   1051 |    651 |   3062 |  14 |  719.6 |
       Dungeon |   7937 |   6907 |   1030 |    321 |   2696 |   9 |  881.9 |
        Temple |     72 |     51 |     21 |      0 |     44 |   1 |   72.0 |
          Lair |   2064 |   2064 |      0 |    330 |    322 |   4 |  516.0 |
               +--------+--------+--------+--------+--------+-----+--------+

Top non-repeatable levels by time:
  Lair:1: 1293 daAuts
     D:8: 1208 daAuts
     D:3: 1159 daAuts
     D:6: 1063 daAuts
     D:2: 1044 daAuts
     D:4: 991 daAuts
     D:7: 887 daAuts
     D:5: 716 daAuts
     D:1: 625 daAuts
  Lair:4: 562 daAuts
     D:9: 240 daAuts
  Lair:3: 207 daAuts
  Temple: 72 daAuts
